 Dungeon Crawl Stone Soup version 0.29.1-2-gbd0b4ee654 (webtiles) character file.

Game seed: 16314037526236765361

81 xian the Poker (level 4, -2/36 HPs)
             Began as a Draconian Wanderer on Nov 22, 2022.
             Frozen to death by an endoplasm (5 damage)
             ... on level 2 of the Dungeon.
             The game lasted 00:04:07 (1416 turns).

xian the Poker (Draconian Wanderer)                 Turns: 1416, Time: 00:04:07

Health: -2/36      AC:  5    Str: 15 (16) XL:     4   Next: 19%
Magic:  4/4        EV: 11    Int:  8 (10) God:
Gold:   102        SH:  4    Dex: 10 (13) Spells: 3/3 levels left

rFire   . . .      SeeInvis .   a - +2 spear
rCold   . . .      Faith    .   c - +1 buckler
rNeg    . . .      Spirit   .   (body armour unavailable)
rPois   .          Reflect  .   (helmet restricted)
rElec   .          Harm     .   (no cloak)
rCorr   .          Rampage  .   (no gloves)
Will    .....                   (no boots)
Stlth   +.........              (no amulet)
HPRegen 0.12/turn               (no ring)
MPRegen 0.09/turn               (no ring)

@: brilliant, flying
A: AC +5, unfitting armour, cold-blooded
a: no special abilities


You were on level 2 of the Dungeon.
You visited 1 branch of the dungeon, and saw 2 of its levels.

You collected 102 gold pieces.

Inventory:

Hand Weapons
 a - a +2 spear (weapon)
Missiles
 g - 9 poisoned darts (quivered)
Armour
 c - a +1 buckler (worn)
 l - a scarf of harm
Scrolls
 j - a scroll of fear {unknown}
 k - a scroll of identify {unknown}
Potions
 i - a potion of degeneration


   Skills:
 + Level 1.7 Fighting
 + Level 4.0 Polearms
 + Level 2.3 Throwing
 + Level 1.6 Dodging
 + Level 0.1 Stealth
 + Level 1.0 Shields
 + Level 2.3 Evocations


You had 3 spell levels left.
You didn't know any spells.
Your spell library contained the following spells:

 Spells                   Type           Power      Damage    Failure   Level
 Ozocubu's Armour         Ice            0%         N/A       87%         3
 Stone Arrow              Conj/Erth      0%         3d7       87%         3
 Ozocubu's Refrigeration  Ice            0%         4d7       100%        7
 Lehudib's Crystal Spear  Conj/Erth      0%         10d2      100%        8
 Animate Armour           Summ/Erth      Unusable   N/A       N/A         4

Dungeon Overview and Level Annotations

Branches:
Dungeon (2/15)

Altars:

Annotations:
D:2 Robin


Innate Abilities, Weirdness & Mutations

Your plain brown scales are hard. (AC +5)
You cannot fit into any form of body armour.
You are cold-blooded and may be slowed by cold attacks.


Message History

* * * LOW HITPOINT WARNING * * *
The goblin attacks as you move away! The goblin hits you but does no damage.
The goblin attacks as you move away! The goblin hits you with a +0 dagger.
* * * LOW HITPOINT WARNING * * *
The bat closely misses you. The goblin attacks as you move away!
The goblin hits you but does no damage. The bat attacks as you move away!
The bat hits you but does no damage. The bat barely misses you.
You block the bat's attack.
As you read the scroll labelled TOOWIN LAOSCHI, it crumbles to dust.
It is a scroll of enchant armour.
Your +0 buckler glows green for a moment.
The bat closely misses you.
As you read the scroll of butterflies, it crumbles to dust.
You hear the tinkle of a tiny bell.
The goblin no longer looks unusually strong.
The bat hits your butterfly.
Your butterfly dies!
Your butterfly disappears in a burst of colours!
The hobgoblin barely misses your butterfly.
The goblin completely misses your butterfly.
You swap places.
The bat hits your butterfly.
Your butterfly dies!
Your butterfly disappears in a burst of colours!
You swap places.
The goblin closely misses your butterfly.
The bat closely misses something.
The bat hits something.
The bat barely misses something.
The goblin hits your butterfly with a +0 dagger.
Your butterfly dies!
Your butterfly disappears in a burst of colours!
Robin roars a battlecry!
Something hits your butterfly.
Your butterfly dies!
Your butterfly disappears in a burst of colours!
The endoplasm attacks as you move away! The endoplasm closely misses you.
Found a potion of degeneration.
An orc wizard appears from thin air!
Reactivating autopickup.
The endoplasm freezes you.
You are frozen.
You die...

#############...
#...g.# #### #.###.#
# #.# #.##########
#g#.#.#.......##
####
#.#.g...........
...##g#b#.#bgg....##
#..#.g.#.###J).....
###@#..##.# #)######
#...J.....# #)#
#.#....#### #g#
...###...... .g# ###
#########J{ #.. #...
#... ...).


You could see an endoplasm.

Vanquished Creatures
  An iguana (D:2)
  2 adders (D:2)
  2 worms (D:2)
  2 bats
  2 endoplasms
  12 goblins
  A hobgoblin (D:2)
  2 ball pythons (D:2)
  A frilled lizard (D:2)
  2 kobolds (D:2)
  5 rats
32 creatures vanquished.

Notes
Turn   | Place    | Note
-------+----------+-------------------------------------------
     0 | D:1      | xian the Draconian Wanderer began the quest for the Orb.
     0 | D:1      | xian set off with the following items: a +2 spear, a potion
                  | of curing, a +0 buckler, a scroll of butterflies.
     0 | D:1      | Reached XP level 1. HP: 16/16 MP: 1/1
    32 | D:1      | Found a faded altar of an unknown god.
   808 | D:2      | Reached XP level 2. HP: 20/23 MP: 2/2
  1098 | D:2      | Reached XP level 3. HP: 27/28 MP: 3/3
  1116 | D:2      | Reached skill level 4 in Polearms
  1359 | D:2      | Noticed Robin
  1367 | D:2      | Reached XP level 4. HP: 29/35 MP: 4/4
  1398 | D:2      | HP: 1/36 [goblin/+0 dagger[Robin] (2)]
  1416 | D:2      | Frozen to death by an endoplasm

Illustrated notes

Levels and vault maps discovered:
D:1:      wander_arrival_desolate, layout_basic,
          hellmonk_ecumenical_altar_crossroads
D:2:      layout_basic, minmay_tetromino_o4, uniq_sigmund, uniq_robin

Skill      XL: |  1  2  3 |
---------------+----------+-----
Throwing       | 2 |  2.3
Polearms       | 4 |  4.0
Fighting       | |  1.7
Dodging        | |  1.6
Stealth        | |  0.1
Shields        | |  1.0
Evocations     | |  2.3

Action                   |  1- 3 |  4- 6 || total
-------------------------+-------+-------++-------
Melee: Spear             |    56 |    23 ||    79
       Tailslap          |     3 |     3 ||     6
Throw: Dart              |    28 |       ||    28
  Use: Potion            |       |     4 ||     4
       Scroll            |       |     2 ||     2
Armor: Skin              |    14 |    14 ||    28
Dodge: Dodged            |    25 |    20 ||    45
Block: Buckler           |     5 |     5 ||    10
